 Dungeon Crawl Stone Soup version 0.29-a0-541-gaf1fc19f1b (webtiles) character file.

Game seed: 11280113803999165888

120 Anon1729 the Cudgeller (level 5, -1/69 HPs)
             Began as a Meteoran Monk on June 3, 2022.
             Succumbed to Sigmund's poison
             ... on level 3 of the Dungeon.
             The game lasted 00:03:12 (1097 turns).

Anon1729 the Cudgeller (Meteoran Monk)              Turns: 1097, Time: 00:03:13

Health: -1/69      AC: 22    Str: 14    XL:     5   Next: 50%
Magic:  6/6        EV:  2    Int: 11    God:
Gold:   133        SH:  0    Dex: 23    Spells: 4/4 levels left

rFire   . . .      SeeInvis .   a - +0 mace
rCold   . . .      Faith    .   (no shield)
rNeg    . . .      Spirit   .   (body armour currently unavailable)
rPois   +          Reflect  .   (helmet currently unavailable)
rElec   .          Harm     .   (cloak currently unavailable)
rCorr   .          Rampage  .   (gloves currently unavailable)
Will    +....      NoTele   +   (boots currently unavailable)
Stlth   +.........              (no amulet)
HPRegen 0.21/turn               r - ring of willpower
MPRegen 0.10/turn               g - +6 ring of dexterity

@: lethally poisoned (-1 -> -36), tree-form, glowing
A: stationary, stasis, torment immunity, boosted hp, sense surroundings 1,
otherworldly, glowing, explore regen
a: no special abilities


You were on level 3 of the Dungeon.
You were a tree.
You visited 1 branch of the dungeon, and saw 3 of its levels.

You collected 133 gold pieces.

Inventory:

Hand Weapons
 a - a +0 mace (weapon)
Missiles
 o - a throwing net (quivered)
Armour
 b - a +0 robe
 e - an orb of wrath
 h - a +0 leather armour
 j - a +0 scale mail (melded)
Jewellery
 g - a +6 ring of dexterity (right branch)
 r - a ring of willpower (left branch)
Scrolls
 d - a scroll of amnesia {unknown}
 f - a scroll of enchant armour {unknown}
 k - 2 scrolls of identify {unknown}
 l - a scroll of teleportation {unknown}
 n - 2 scrolls of poison {unknown}
 q - a scroll of vulnerability {unknown}
 s - a scroll of magic mapping {unknown}
Potions
 c - a potion of ambrosia
 i - a potion of brilliance {unknown}
 p - a potion of curing {unknown}


   Skills:
 + Level 4.0 Fighting
 * Level 5.5 Maces & Flails
 + Level 2.1 Armour
 + Level 4.4 Dodging
 - Level 1.4 Stealth


You had 4 spell levels left.
You didn't know any spells.
Your spell library contained the following spells:

 Spells                   Type           Power      Damage    Failure   Level
 Gell's Gravitas          Tloc           0%         N/A       71%         3
 Lesser Beckoning         Tloc           0%         N/A       71%         3
 Teleport Other           Tloc           0%         N/A       71%         3


Dungeon Overview and Level Annotations

Branches:
Dungeon (3/15)

Altars:
Ru

Annotations:
D:3 Sigmund


Innate Abilities, Weirdness & Mutations

You are a tree.
Your roots penetrate the ground, keeping you stationary.
You cannot be teleported.
You are immune to unholy pain and torment.
Your maximum health is greatly increased.
Your equipment is partially melded.
You passively map a small area around you.
You are easily found by Zot.
You glow in the dark.
You regain HP and MP as you explore.


Message History

The poisoned dart completely misses Sigmund.
You throw a poisoned dart. The poisoned dart hits Sigmund.
Sigmund is poisoned.
Sigmund casts a spell at you. You resist with almost no effort.
You throw a poisoned dart. The poisoned dart hits Sigmund.
You throw a poisoned dart.
The poisoned dart barely misses Sigmund.
Sigmund hits you from afar with a +1 scythe of venom.
You are poisoned.
You throw a throwing net. The throwing net hits Sigmund.
Sigmund is caught in the net!
Sigmund is lightly wounded.
You feel very sick.
Sigmund struggles against the net.
You feel sick.
Sigmund struggles against the net.
You hit Sigmund.
Sigmund is moderately wounded.
You feel sick.
Sigmund struggles against the net.
You sock Sigmund!
Sigmund is severely wounded.
You feel sick.
Sigmund struggles against the net.
You hit Sigmund.
Sigmund is almost dead.
You feel sick.
Sigmund looks more healthy.
Sigmund struggles against the net.
The net rips apart, and Sigmund comes free!
You hit Sigmund but do no damage.
Sigmund is almost dead.
You feel sick.
Sigmund hits you with a +1 scythe of venom!
You are lethally poisoned!
You hit Sigmund.
Sigmund is almost dead.
You feel very sick.
Sigmund hits you with a +1 scythe of venom!
* * * LOW HITPOINT WARNING * * *
You are more poisoned.
It was a potion of lignification.
You turn into a tree.
Your +0 scale mail melds into your body.
Your roots penetrate the ground.
You die...

....# ....# ,, ...#
* ,..#### *##. ,
*#.# #...., ,....
#.# #.>. ..(..
###.###..###..(##.
###.........♣@(...(.
#.....#....###...###
, #.....#.#.## +## ,
#.....#...### * * ,,
#...........# * ,
#..†..#####.# #.#
#####.......# #.# ,
#.####### #.# * #.#
##### #.###########


You could see Sigmund.

Vanquished Creatures
  A howler monkey (D:3)
  Natasha (D:3)
  An adder (D:2)
  9 endoplasms
  4 giant cockroaches
  7 goblins
  5 hobgoblins
  2 quokkas
  5 ball pythons
  2 bats
  2 frilled lizards
  2 kobolds
  3 rats
44 creatures vanquished.

Vanquished Creatures (others)
  2 fungi (D:1)
  5 plants (D:1)
7 creatures vanquished.

Grand Total: 51 creatures vanquished

Notes
Turn   | Place    | Note
-------+----------+-------------------------------------------
     0 | D:1      | Anon1729 the Meteoran Monk began the quest for the Orb.
     0 | D:1      | Reached XP level 1. HP: 19/19 MP: 2/2
    52 | D:1      | Reached XP level 2. HP: 9/26 MP: 3/3
   114 | D:1      | Reached skill level 1 in Armour
   114 | D:1      | Reached XP level 3. HP: 6/31 MP: 4/4
   490 | D:1      | Glimpsed the power of Zot.
   502 | D:1      | Found a faded altar of an unknown god.
   505 | D:1      | Prayed at the altar of an unknown god.
   505 | D:1      | Became a worshipper of Ru the Awakened
   538 | D:2      | Fell from the grace of Ru
   629 | D:2      | Reached XP level 4. HP: 25/39 MP: 5/5
   704 | D:2      | Reached skill level 5 in Maces & Flails
  1020 | D:3      | Noticed Natasha
  1034 | D:3      | Killed Natasha
  1035 | D:3      | Reached XP level 5. HP: 31/46 MP: 6/6
  1081 | D:3      | Noticed Sigmund
  1097 | D:3      | Succumbed to Sigmund's poison

Illustrated notes

Levels and vault maps discovered:
D:1:      minmay_arrival_radiant_lines, layout_basic,
          shapermc_ecumenical_altar_mp_ritualfount,
          hangedman_abyss_or_decor_lesser_grid
D:2:      layout_rooms
D:3:      layout_basic, grunt_decor_mini_mirrors, uniq_robin, uniq_ijyb,
          uniq_natasha, uniq_sigmund

Skill      XL: |  1  2  3  4  5 |
---------------+----------------+-----
Armour         | 1 2 |  2.1
Dodging        | 4 |  4.4
Maces & Flails | 5 |  5.5
Fighting       | 4 |  4.0
Stealth        | |  1.4

Action                   |  1- 3 |  4- 6 || total
-------------------------+-------+-------++-------
Melee: Mace              |    74 |    76 ||   150
Throw: Dart              |       |     6 ||     6
       Throwing net      |       |     1 ||     1
Invok: Renounce Religion |     1 |       ||     1
  Use: Potion            |       |     1 ||     1
Armor: Robe              |     5 |       ||     5
       Leather armour    |    19 |       ||    19
       Scale mail        |     3 |    29 ||    32
Dodge: Dodged            |    42 |    52 ||    94

Table legend: (Time is in decaauts)
 A = Elapsed time spent in this place.
 B = Non-inter-level travel time spent in this place.
 C = Inter-level travel time spent in this place.
 D = Time resting spent in this place.
 E = Time spent auto-exploring this place.
 F = Levels seen in this place.
 G = Mean time per level.
                   A        B        C        D        E       F      G
               +--------+--------+--------+--------+--------+-----+--------+
         Total |   1120 |   1111 |      9 |    275 |    380 |   3 |  373.3 |
       Dungeon |   1120 |   1111 |      9 |    275 |    380 |   3 |  373.3 |
               +--------+--------+--------+--------+--------+-----+--------+

Top non-repeatable levels by time:
     D:1: 529 daAuts
     D:2: 373 daAuts
     D:3: 217 daAuts
